 Dungeon Crawl Stone Soup version 0.24-a0-498-ge00f04a389 (console) character file.

Game seed: 17415294025719316978

65 CarlRobert the Slasher (level 3, -5/31 HPs)
             Began as a Minotaur Fighter on July 14, 2019.
             Was an Initiate of Dithmenos.
             Killed from afar by an orc wizard (9 damage)
             ... with a puff of flame
             ... on level 3 of the Dungeon.
             The game lasted 00:17:57 (2150 turns).

CarlRobert the Slasher (Minotaur Fighter)           Turns: 2150, Time: 00:17:57

Health: -5/31      AC:  8    Str: 21    XL:     3   Next: 94%
Magic:  2/2        EV:  7    Int:  5    God:    Dithmenos [......]
Gold:   175        SH:  9    Dex:  9    Spells: 2/2 levels left

rFire    . . .     SeeInvis .   a - +0 long sword
rCold    . . .     Gourm    .   c - +0 shield
rNeg     . . .     Faith    .   b - +0 scale mail
rPois    .         Spirit   .   (helmet restricted)
rElec    .         Reflect  .   m - +0 cloak
rCorr    +         Harm     .   (no gloves)
MR       .....                  (no boots)
Stlth    ..........             (no amulet)
HPRegen  0.10/turn              o - ring of resist corrosion
MPRegen  0.08/turn              (no ring)

@: no status effects
A: retaliatory headbutt, horns 2
a: Renounce Religion


You were on level 3 of the Dungeon.
You worshipped Dithmenos.
Dithmenos was noncommittal.
You were not hungry.

You visited 1 branch of the dungeon, and saw 3 of its levels.

You collected 175 gold pieces.

Inventory:

Hand Weapons
 a - a +0 long sword (weapon)
Missiles
 r - 7 javelins (quivered)
Armour
 b - a +0 scale mail (worn)
 c - a +0 shield (worn)
 m - a +0 cloak (worn)
Jewellery
 o - a ring of resist corrosion (left hand)
Scrolls
 e - 2 scrolls of identify {unknown}
 g - a scroll of magic mapping {unknown}
 i - a scroll of fog {unknown}
 t - a scroll of amnesia {unknown}
Potions
 d - a potion of might
 h - a potion of ambrosia {unknown}
 j - a potion of curing {unknown}
 k - a potion of cancellation {unknown}
 l - a potion of flight {unknown}
 n - a potion of degeneration {unknown}
 p - a potion of lignification {unknown}
 s - a potion of magic {unknown}
Comestibles
 f - 6 rations
 q - a chunk of flesh


   Skills:
 - Level 3.6 Fighting
 + Level 5.2 Long Blades
 - Level 3.6 Armour
 - Level 3.6 Shields


You had 2 spell levels left.
You didn't know any spells.
Your spell library was empty.

Dungeon Overview and Level Annotations

Branches:
Dungeon (3/15)

Altars:
Dithmenos
Gozag


Innate Abilities, Weirdness & Mutations

You reflexively headbutt those who attack you in melee.
You have a pair of horns on your head.


Message History

The magic dart hits you!
You slash the orc wizard!
The orc wizard is heavily wounded.
A rat comes into view.
The orc wizard casts a spell at you. The magic dart hits you.
You are too injured to fight recklessly!
You are too injured to fight recklessly!
The orc wizard casts a spell.
The orc wizard seems to speed up.
The orc wizard gestures at you while chanting.
The magic dart hits you!
* * * LOW HITPOINT WARNING * * *
The orc wizard closely misses you.
You riposte.
You closely miss the orc wizard.
The orc wizard mumbles some strange words.
The orc wizard seems to speed up.
The orc wizard gestures at you while chanting.
The puff of flame hits you!
You die...

### ### #.###.##
#......###########
#@###.............
######o#
##############
#.o....# #....
#######.######
#.###
.............# #.#
#######..o#.######
#.# #.....o.......
#.###
#.#...#!######
#.... #.#..r#.#
#####


You could see an orc wizard.

Vanquished Creatures
  An adder zombie (D:1)
  2 worms (D:2)
  A dart slug (D:1)
  A leopard gecko (D:1)
  4 orcs (D:3)
  5 bats
  A bat zombie (D:1)
  3 giant cockroaches
  6 goblins
  2 hobgoblins
  4 jackals
  A quokka (D:2)
  A ball python (D:1)
  10 frilled lizards
  3 kobolds (D:1)
  4 rats
49 creatures vanquished.

Notes
Turn   | Place    | Note
-------+----------+-------------------------------------------
     0 | D:1      | CarlRobert the Minotaur Fighter began the quest for the
                  | Orb.
     0 | D:1      | Reached XP level 1. HP: 19/19 MP: 0/0
    18 | D:1      | Reached skill level 3 in Long Blades
    97 | D:1      | Reached XP level 2. HP: 22/26 MP: 1/1
   300 | D:1      | Reached skill level 4 in Long Blades
   960 | D:2      | Reached XP level 3. HP: 31/31 MP: 2/2
  1019 | D:2      | Found an opulent altar of Gozag.
  1360 | D:2      | Found a shadowy altar of Dithmenos.
  1368 | D:2      | Became a worshipper of Dithmenos the Shadowed
  1842 | D:2      | Reached skill level 5 in Long Blades
  2150 | D:3      | Killed from afar by an orc wizard

Levels and vault maps discovered:
D:1:      saegor_arrival_fortress, layout_loops_ring
D:2:      layout_loops_ring, nicolae_overflow_crystal_walls,
          lemuel_crystal_altar, first_ration, kennysheep_another_room
D:3:      layout_basic, lemuel_doored_altar, kennysheep_slug_shrine, uniq_robin

Skill      XL: |  1  2  3 |
---------------+----------+-----
Long Blades    | 3 4 5 |  5.2
Fighting       | |  3.6
Armour         | |  3.6
Shields        | |  3.6

Action                   || total
-------------------------++-------
Melee: Long sword        ||   117
       Headbutt          ||    13
  Eat: Chunk             ||     4
Armor: Scale mail        ||    41
Dodge: Dodged            ||    22
Block: Shield            ||    64
       Rpst.: Long sword ||     7

Table legend:
 A = Non-vault XP
 B = Vault XP
 C = Vault XP percentage of total XP
 D = Non-vault monster count
 E = Vault monster count
 F = Vault count percentage of total count
                 A         B        C        D         E       F
            +---------+---------+-------+---------+---------+-------
      Total |      87 |       7 |   7.4 |      47 |       2 |   4.1
            +---------+---------+-------+---------+---------+-------
        D:1 |      31 |       7 |  18.4 |      19 |       2 |   9.5
        D:2 |      42 |       0 |   0.0 |      23 |       0 |   0.0
        D:3 |      14 |       0 |   0.0 |       5 |       0 |   0.0
            +---------+---------+-------+---------+---------+-------
